 Dungeon Crawl Stone Soup version 0.19.5 (webtiles) character file.

33303 IcySystem the Unseen (level 13, -1/67 HPs)
             Began as a Spriggan Enchanter on May 24, 2017.
             Was a Priest of Ashenzari.
             Slain by a wolf (6 damage)
             ... in an ice cave.
             The game lasted 01:46:28 (27078 turns).

IcySystem the Unseen (Spriggan Enchanter)          Turns: 27078, Time: 01:46:28

Health: -1/67      AC:  2    Str:  4    XL:     13   Next: 36%
Magic:  28/29      EV: 30    Int: 17    God:    Ashenzari [***...]
Gold:   891        SH:  3    Dex: 26    Spells: 2 memorised, 28 levels left

rFire  . . .     SeeInvis +     K - +3 rapier (holy)
rCold  + . .     Gourm    .     t - +0 robe (curse)
rNeg   . . .     Faith    .     (shield restricted)
rPois  .         Spirit   .     (helmet restricted)
rElec  .         Reflect  +     (no cloak)
rCorr  .         Harm     .     (gloves unavailable)
MR     ++...                    (boots unavailable)
Stlth  ++++++++..               a - amulet "Vacwoijo" {Reflect +Blink rC+ Dex+2 SH+3} (curse)
                                P - +3 ring of dexterity
                                G - ring of stealth

@: very quick
A: unfitting armour, see invisible, herbivore 3, speed 3, slow metabolism 2
a: Curse Item, Scrying, Renounce Religion, Evoke Blink


You were in an ice cave.
You worshipped Ashenzari.
Ashenzari was most pleased with you.
You were hungry.

You visited 3 branches of the dungeon, and saw 16 of its levels.
You also visited: Sewer, Ossuary, Ice Cave and Volcano.

You collected 891 gold pieces.

Inventory:

Hand Weapons
 K - a +3 rapier of holy wrath (weapon)
Missiles
 h - 139 arrows
Armour
 b - a +2 robe
 t - a cursed +0 robe (worn)
Rods
 Y - a +1 rod of shadows (9/9)
   (You found it on level 1 of the Lair of Beasts)
Jewellery
 a - the cursed amulet "Vacwoijo" (around neck) {Reflect +Blink rC+ Dex+2 SH+3}
   (You acquired it on level 1 of the Lair of Beasts)

   [amulet of reflection]

   It shields you and reflects attacks.
   It affects your dexterity (+2).
   It protects you from cold.
   It lets you blink.
   It affects your SH (+3).
   It has a curse placed upon it.
 d - a +3 ring of intelligence
 u - an uncursed ring of protection from cold
 G - a ring of stealth (left hand)
 P - a +3 ring of dexterity (right hand)
 V - the amulet of the Air {Inacc +Fly rElec EV+5 RMsl}
   (You found it on level 10 of the Dungeon)

   [amulet of inaccuracy]

   It reduces the accuracy of all your attacks.
   It affects your evasion (+5).
   It insulates you from electricity.
   It lets you fly.
   It protects you from missiles.
Wands
 y - a wand of flame (19/48)
 R - a wand of teleportation (3/9)
 X - a wand of slowing (22/48)
Scrolls
 c - 3 scrolls of enchant armour
 e - 2 scrolls of blinking
 f - 7 scrolls of identify
 i - 4 scrolls of teleportation
 A - 3 scrolls of magic mapping
 H - 9 scrolls of remove curse
Potions
 g - 3 potions of heal wounds
 k - a potion of resistance
 r - 7 potions of curing
 s - 2 potions of brilliance
 v - 7 potions of haste
 z - 2 potions of agility
 C - 2 potions of invisibility
 L - 3 potions of cancellation
 S - 2 potions of magic
Books
 j - a book of Power

   Spells                             Type                      Level
   a - Fulminant Prism                Conjuration/Hexes            4
   b - Iskenderun's Mystic Blast      Conjuration                  4
   c - Venom Bolt                     Conjuration/Poison           5
   d - Bolt of Magma                  Conjuration/Fire/Earth       5
   e - Iron Shot                      Conjuration/Earth            6
   f - Orb of Destruction             Conjuration                  7
   g - Spellforged Servitor           Conjuration/Summoning        7
Comestibles
 B - 7 bread rations
 J - 12 slices of pizza
 M - 5 fruits


   Skills:
 + Level 7.1 Fighting
 * Level 13.3 Short Blades
 + Level 10.2 Dodging
 + Level 15.5 Stealth
 - Level 11.0 Spellcasting
 - Level 1.0 Conjurations
 - Level 11.0 Hexes


You had 28 spell levels left.
You knew the following spells:

 Your Spells              Type           Power        Failure   Level  Hunger
b - Dazzling Spray        Conj/Hex       ####..       1%          3    None
c - Confuse               Hex            #####...     1%          3    None


Dungeon Overview and Level Annotations

Branches:
Dungeon (10/15)            Temple (1/1) D:6            Lair (5/6) D:9
 Shoals (0/4) Lair:4       Spider (0/4) Lair:3        Slime (0/5) Lair:5
    Orc: D:9-12

Altars:
Ashenzari
Cheibriados
Dithmenos
Fedhas
Gozag
Makhleb
Okawaru
Ru
Sif Muna
Trog
Uskayaw
Xom
Yredelemnul
Zin
Jiyva

Shops:
D:5 }

Annotations:
Lair:5 Josephine


Innate Abilities, Weirdness & Mutations

You are very small and have problems with some larger weapons.
You are too small for most types of armour.
You have supernaturally acute eyesight. (SInv)
You are a herbivore.
You cover ground extremely quickly.
You need consume almost no food.


Message History

* * * LOW HITPOINT WARNING * * *
You hit the ice statue.
You destroy the ice statue!
The ice beast disappears in a puff of smoke! x3
The wolf closely misses you. The wolf completely misses you.
The wolf completely misses you. The wolf bites you.
* * * LOW HITPOINT WARNING * * *
The wolf completely misses you.
You blink.
You feel slightly more hungry. The wolf closely misses you. x2
Firing (i - inventory): No suitable missiles.
Press: ? - help, Shift-Dir - straight line, f - wolf
Aim: a wolf
Okay, then.
You fail to use your ability.
You block the wolf's attack.
The wolf completely misses you. x2; The wolf bites you.
* * * LOW HITPOINT WARNING * * *
You fail to use your ability.
The wolf completely misses you. The wolf bites you but does no damage.
The wolf misses you.
You fail to use your ability.
The wolf bites you.
You die...

##.#*≈ ***
* ##.# *
#.. #.##
*..# ≈ *
#.#* ..#≈*
, #..#*
#.#* ,
##..###..#
⌠ ,
#...#..# ≈
, ##.....#
≈* #..h@##
* ,
##.h##*≈*
* #..# * *
*##.#≈ * ,
∆ .##≈
∆*,# *≈ ,
, *, * ≈ *
* * * *


You could see 2 wolves.

Vanquished Creatures
  Nessos (Lair:5)
  2 hydras (Lair:4)
  A catoblepas (Lair:2)
  A fire crab (Lair:4)
  An orb spider (Lair:3)
  Joseph (D:9)
  2 black mambas
  8 spiny frogs
  An ice statue (IceCv)
  The ghost of tschems the Chopper, a novice HuFi (D:5)
  2 komodo dragons
  2 rime drakes
  9 polar bears (IceCv)
  5 two-headed ogres
  The ghost of zeros the Chopper, an amateur CeWr (D:4)
  Prince Ribbit (D:7)
  14 blink frogs
  4 dream sheep (Lair:3)
  The ghost of Schimscham the Chiller, an amateur HuIE (Ossuary)
  4 hippogriffs
  45 yaks
  Grum (Lair:1)
  2 wyverns
  A basilisk (Lair:2)
  The ghost of tschems the Shield-Bearer, an amateur HuFi (D:3)
  Menkaure (D:7)
  Edmund (D:6)
  8 water moccasins
  11 porcupines
  3 orc warriors
  3 ice beasts
  26 wolves
  4 ogres
  9 crocodiles
  2 centaurs
  6 big kobolds
  22 bullfrogs
  2 wyvern zombies
  3 scorpions
  4 wights (D:8)
  A jelly (D:9)
  A centaur zombie (Ossuary)
  A crimson imp (D:8)
  2 bullfrog zombies
  6 hounds
  7 orc priests
  2 centaur skeletons
  7 orc wizards
  4 bullfrog skeletons
  4 iguanas
  14 mummies (Ossuary)
  10 worker ants
  Natasha (thrice) (D:4)
  2 killer bee zombies
  2 hound zombies
  3 worker ant zombies (Ossuary)
  2 howler monkey zombies (Ossuary)
  3 river rats (Sewer)
  16 adders
  5 shadow imps
  2 oozes
  2 adder zombies
  3 adder skeletons
  7 worms
  4 dart slugs
  11 leopard geckos
  35 orcs
  3 ball pythons
  5 giant cockroaches
  4 goblins
  4 hobgoblins
  7 jackals
  16 kobolds
  2 quokkas
  A ball python skeleton (D:6)
  5 bats
  9 frilled lizards
  A jackal zombie (Ossuary)
  A leopard gecko skeleton (D:5)
  2 leopard gecko zombies
  A quokka zombie (D:8)
  6 rats
  A rat zombie (D:8)
  A fungus (Lair:4)
  A withered plant (Ossuary)
446 creatures vanquished.

Vanquished Creatures (others)
  A two-headed ogre (Volcano)
  5 fungi
  2 withered plants (Ossuary)
8 creatures vanquished.

Grand Total: 454 creatures vanquished

Notes
Turn   | Place    | Note
-------+----------+-------------------------------------------
     0 | D:1      | IcySystem the Spriggan Enchanter began the quest for the Orb.
     0 | D:1      | Reached XP level 1. HP: 9/9 MP: 5/5
   140 | D:1      | Reached XP level 2. HP: 13/13 MP: 6/6
  1183 | D:2      | Reached XP level 3. HP: 16/16 MP: 8/8
  1263 | D:2      | Found a faded altar of an unknown god.
  2499 | D:2      | Found a shimmering altar of Xom.
  2627 | D:3      | Learned a level 3 spell: Dazzling Spray
  2631 | D:3      | Learned a level 3 spell: Confuse
  2780 | D:3      | Reached XP level 4. HP: 15/21 MP: 9/9
  2781 | D:3      | Found a glowing drain.
  2828 | Sewer    | Entered a sewer
  2878 | Sewer    | Noticed a big kobold
  2895 | Sewer    | Killed a big kobold
  2895 | Sewer    | Reached skill level 1 in Fighting
  2895 | Sewer    | Reached XP level 5. HP: 17/25 MP: 6/10
  3447 | Sewer    | Reached skill level 5 in Short Blades
  4306 | Sewer    | Reached XP level 6. HP: 30/32 MP: 11/11
  5140 | D:3      | Noticed tschems's ghost (amateur HuFi)
  5397 | D:3      | Reached XP level 7. HP: 28/36 MP: 12/12
  6346 | D:4      | Noticed Natasha
  6350 | D:4      | Noticed zeros's ghost (amateur CeWr)
  7178 | D:4      | Killed Natasha
  7191 | D:4      | Noticed Natasha
  7205 | D:4      | Killed Natasha
  7384 | D:4      | Noticed Natasha
  7390 | D:4      | Killed Natasha
  7420 | D:5      | Entered Level 5 of the Dungeon
  7573 | D:4      | Reached skill level 5 in Hexes
  7938 | D:4      | Killed zeros's ghost
  7938 | D:4      | Reached skill level 5 in Spellcasting
  7938 | D:4      | Reached XP level 8. HP: 27/42 MP: 12/16
  8823 | D:3      | Killed tschems's ghost
  9051 | D:5      | Found Bynesk's Gadget Shoppe.
 10067 | D:5      | Noticed a two-headed ogre
 10080 | D:5      | Killed a two-headed ogre
 10085 | D:5      | Noticed tschems's ghost (novice HuFi)
 10110 | D:5      | Killed tschems's ghost
 10444 | D:5      | Reached XP level 9. HP: 28/45 MP: 18/22
 11854 | D:6      | Found a staircase to the Ecumenical Temple.
 11861 | Temple   | Entered the Ecumenical Temple
 11890 | Temple   | Became a worshipper of Ashenzari the Shackled
 13191 | D:6      | Noticed Edmund
 13220 | D:6      | Killed Edmund
 14088 | D:7      | Reached skill level 10 in Hexes
 14317 | D:7      | Reached skill level 10 in Spellcasting
 14593 | D:7      | Noticed Prince Ribbit
 14603 | D:7      | Killed Prince Ribbit
 14603 | D:7      | Reached skill level 5 in Stealth
 14628 | D:7      | Reached XP level 10. HP: 51/51 MP: 16/25
 14729 | D:7      | Noticed Menkaure
 14737 | D:7      | Killed Menkaure
 14880 | D:8      | Identified a scroll of acquirement
 14903 | D:8      | Found a sacrificial altar of Ru.
 14934 | D:8      | Found a sand-covered staircase.
 14951 | Ossuary  | Entered an ossuary
 14953 | Ossuary  | Noticed Schimscham's ghost (amateur HuIE)
 15021 | Ossuary  | Killed Schimscham's ghost
 15021 | Ossuary  | Reached skill level 6 in Stealth
 16084 | D:8      | Reached skill level 7 in Stealth
 16292 | D:8      | Reached skill level 5 in Fighting
 16756 | D:9      | Found a staircase to the Lair.
 16760 | D:9      | Noticed a spiny frog
 16764 | D:9      | Reached skill level 8 in Stealth
 16958 | D:9      | Killed a spiny frog
 16958 | D:9      | Reached skill level 9 in Stealth
 17031 | D:9      | Reached * piety under Ashenzari
 17074 | D:9      | Noticed Joseph
 17080 | D:9      | Killed Joseph
 17080 | D:9      | Reached skill level 10 in Stealth
 17512 | D:10     | Entered Level 10 of the Dungeon
 17543 | D:10     | Reached skill level 11 in Stealth
 17883 | D:10     | Reached XP level 11. HP: 55/55 MP: 20/26
 18238 | D:10     | Reached skill level 1 in Conjurations
 18358 | D:10     | Reached ** piety under Ashenzari
 18446 | Lair:1   | Entered Level 1 of the Lair of Beasts
 18765 | Lair:1   | Noticed Grum
 18790 | Lair:1   | Found a snail-covered altar of Cheibriados.
 18898 | Lair:1   | Reached skill level 12 in Stealth
 18934 | Lair:1   | Killed Grum
 19821 | Lair:1   | Reached skill level 13 in Stealth
 20122 | Lair:1   | Reached skill level 5 in Dodging
 20124 | Lair:1   | Reached skill level 10 in Short Blades
 20703 | Lair:2   | Noticed a catoblepas
 21373 | Lair:1   | Identified the cursed amulet "Vacwoijo" {Reflect +Blink rC+ Dex+2 SH+3} (You acquired it on level 1 of the Lair of Beasts)
 21563 | Lair:1   | Reached XP level 12. HP: 14/60 MP: 9/27
 21817 | Lair:2   | Killed a catoblepas
 21993 | Lair:2   | Reached skill level 14 in Stealth
 22307 | Lair:3   | Reached *** piety under Ashenzari
 22307 | Lair:3   | Found a dark tunnel.
 22314 | Volcano  | Entered a volcano
 22330 | Volcano  | Noticed an ogre mage
 22333 | Volcano  | Found a burning altar of Makhleb.
 24298 | Lair:3   | Found a hole to the Spider Nest.
 24925 | Lair:4   | Reached skill level 15 in Stealth
 24991 | Lair:4   | Noticed a four-headed hydra
 24998 | Lair:4   | Killed a four-headed hydra
 25494 | Lair:4   | Found a staircase to the Shoals.
 25593 | Lair:4   | Noticed a five-headed hydra
 25603 | Lair:4   | Killed a five-headed hydra
 25603 | Lair:4   | Reached XP level 13. HP: 66/66 MP: 17/29
 25778 | Lair:5   | Found a viscous altar of Jiyva.
 25778 | Lair:5   | Found a staircase to the Slime Pits.
 25822 | Lair:5   | Noticed Nessos
 25844 | Lair:5   | Killed Nessos
 25857 | Lair:5   | Noticed Josephine
 25875 | Lair:5   | Found a frozen archway.
 25886 | IceCv    | Entered an ice cave
 26853 | IceCv    | Reached skill level 10 in Dodging
 27078 | IceCv    | Slain by a wolf

Skill      XL: |  1  2  3  4  5  6  7  8  9 10 11 12 13 |
---------------+----------------------------------------+-----
Short Blades   | 2 3 4 5 6 7 9 10 12 13 | 13.3
Fighting       | 1 2 3 4 5 6 7 |  7.1
Spellcasting   | 5 8 10 11 | 11.0
Hexes          | 6 8 10 11 | 11.0
Stealth        | 5 11 13 15 | 15.5
Conjurations   | 1 |  1.0
Dodging        | 6 9 10 | 10.2

Action                   |  1- 3 |  4- 6 |  7- 9 | 10-12 | 13-15 || total
-------------------------+-------+-------+-------+-------+-------++-------
Melee: Dagger            |   146 |   334 |  1222 |    19 |       ||  1721
       Rapier            |       |       |       |   600 |   172 ||   772
 Cast: Confuse           |       |    15 |    68 |   191 |    54 ||   328
       Dazzling Spray    |       |       |     3 |    48 |       ||    51
 Abil: Evoke Blink       |       |       |       |       |     2 ||     2
  Use: Scroll            |     6 |       |       |    21 |     1 ||    28
       Potion            |       |       |       |     1 |       ||     1
 Stab: Sleeping          |    11 |     1 |    12 |    58 |     7 ||    89
       Distracted        |     3 |       |     3 |     6 |       ||    12
       Confused          |       |     5 |    44 |   110 |    28 ||   187
       Invisible         |       |       |     2 |    13 |       ||    15
  Eat: Pizza             |       |     2 |       |     2 |       ||     4
       Bread ration      |       |     1 |     1 |       |       ||     2
       Fruit             |       |       |     3 |     5 |     2 ||    10
       Royal jelly       |       |       |       |     1 |       ||     1
Armor: Robe              |    10 |    11 |   115 |     8 |     2 ||   146
Dodge: Dodged            |    90 |   183 |   551 |   290 |   161 ||  1275
Block: Other             |       |       |       |    14 |    15 ||    29
